 Dungeon Crawl Stone Soup version 0.31-a0-152-g6aa68a64a1 (webtiles) character file.

Game seed: 14069193968976882238

99 qw the Shooter (level 4, -3/38 HPs)
             Began as a Minotaur Hunter on June 9, 2023.
             Succumbed to a goblin's poison
             ... on level 3 of the Dungeon.
             The game lasted 00:00:29 (1275 turns).

qw the Shooter (Minotaur Hunter)                    Turns: 1275, Time: 00:00:30

Health: -3/38      AC: 10    Str: 13    XL:     4   Next: 45%
Magic:  3/3        EV: 11    Int:  9    God:
Gold:   102        SH:  0    Dex: 19    Spells: 3/3 levels left

rFire   . . .        Y - +0 shortbow
rCold   . . .        (shield currently unavailable)
rNeg    . . .        e - +0 ring mail
rPois   .            (helmet restricted)
rElec   .            (no cloak)
rCorr   .            (no gloves)
SInv    .            a - +2 pair of boots
Will    .....        (no amulet)
Stlth   +            (no ring)
HPRegen 0.26/turn    (no ring)
MPRegen 0.08/turn

%: no passive effects
@: lethally poisoned (-3 -> -30)
A: horns 2, retaliatory headbutt, iridescent scales 1, agile 1, clever 1
a: no special abilities


You were on level 3 of the Dungeon.
You visited 1 branch of the dungeon, and saw 3 of its levels.

You collected 102 gold pieces.


Innate Abilities, Weirdness & Mutations

You have a pair of horns on your head.
You reflexively headbutt those who attack you in melee.
You are partially covered in iridescent scales. (AC +2)
You are agile. (Dex +4, Str/Int -1)
Your mind is acute. (Int +4, Str/Dex -1)


   Skills:
 + Level 3.3 Fighting
 - Level 6.0 Ranged Weapons
 - Level 1.0 Armour
 - Level 2.1 Dodging
 - Level 0.7 Stealth


You had 3 spell levels left.
You didn't know any spells.
Your spell library was empty.

Inventory:

Hand Weapons
 Y - a +0 shortbow (weapon)
Armour
 a - a +2 pair of boots (worn)
 e - a +0 ring mail (worn)
Potions
 b - a potion of heal wounds {unknown}
 f - a potion of enlightenment {unknown}
 h - a potion of berserk rage {unknown}

Dungeon Overview and Level Annotations

Branches:
Dungeon (3/15)

Altars:

Annotations:
D:3 Robin


Message History

You are more poisoned.
You shoot an arrow. The arrow hits the goblin.
You kill the goblin!
You feel very sick. The goblin hits you but does no damage.
You are more poisoned.
The hobgoblin barely misses you.
Robin roars a battlecry!
The goblins go into a battle-frenzy!
The goblin hits you but does no damage.
A goblin comes into view. It is wielding a +0 dagger.
You shoot an arrow. The arrow hits the hobgoblin.
You kill the hobgoblin!
You feel very sick. The goblin barely misses you. You furiously retaliate!
You headbutt the goblin, but do no damage.
The goblin closely misses you. Robin throws the goblin at you!
The hobgoblin barely misses you. The goblin closely misses you.
You shoot an arrow.
The arrow hits the hobgoblin but does no damage.
You feel very sick. The goblin barely misses you. x2
The hobgoblin hits you but does no damage.
Robin throws the goblin at you! The goblin barely misses you.
You furiously retaliate!
You headbutt the goblin!
You kill the goblin!
You shoot an arrow. The arrow hits the hobgoblin.
The hobgoblin is almost dead.
You feel very sick. The goblin hits you but does no damage.
You are lethally poisoned!
The goblin hits you but does no damage. The hobgoblin barely misses you.
The goblin hits you with a +2 dagger of venom.
You are more poisoned.
The goblin hits you but does no damage. The goblin hits you with a +0 club.
Robin roars a battlecry!
The goblin goes into a battle-frenzy!
The hobgoblin barely misses you.
You shoot an arrow. The arrow closely misses the hobgoblin.
You die...

.. .... #.
##.#.# #..
#....#
#.%##....##
##...$.....#
....g.....#
#.ggg...#
#@g.# #g).#
##.## #.####
#....#
####.# ..#.#
#.#.# #.#.#


You could see Robin, a hobgoblin (strong) and 4 goblins.

Vanquished Creatures
  A hound (D:3)
  An adder (D:2)
  2 dart slugs
  5 bats
  2 endoplasms
  A giant cockroach (D:1)
  7 goblins
  9 hobgoblins
  8 jackals
  2 quokkas
  3 ball pythons
  2 frilled lizards (D:1)
  4 kobolds
  3 rats
50 creatures vanquished.

Notes
Turn   | Place    | Note
-------+----------+-------------------------------------------
     0 | D:1      | qw the Minotaur Hunter began the quest for the Orb.
     0 | D:1      | Reached XP level 1. HP: 18/18 MP: 0/0
     0 | D:1      | 0 ||| qw: Version: 0.2-a-121-gba3a3e5
     0 | D:1      | 0 ||| qw: Game counter: 3184
     0 | D:1      | 0 ||| qw: Always use a shield: true
     0 | D:1      | 0 ||| qw: God list: Okawaru
     0 | D:1      | 0 ||| qw: Allow faded altars: false
     0 | D:1      | 0 ||| qw: Do Orc after D:15 true
     0 | D:1      | 0 ||| qw: Do second Lair branch before Depths: true
     0 | D:1      | 0 ||| qw: Lair rune preference: random
     0 | D:1      | 0 ||| qw: Plans: Normal
     0 | D:1      | 0 ||| PLANNING D:1-11
   155 | D:1      | Reached XP level 2. HP: 25/25 MP: 1/1
   161 | D:1      | Reached skill level 5 in Ranged Weapons
   372 | D:1      | Reached skill level 3 in Fighting
   659 | D:1      | 659 ||| UPGRADING to +0 ring mail.
   669 | D:1      | 669 ||| DROPPING +0 leather armour.
   670 | D:1      | 670 ||| READING scroll labelled YLESAL YZXO.
   671 | D:1      | 671 ||| DRINKING 2 fuming blue potions.
   671 | D:1      | Gained mutation: Your body sometimes deteriorates upon
                  | taking damage. [potion of mutation]
   671 | D:1      | Gained mutation: You are agile. (Dex +4, Str/Int -1)
                  | [potion of mutation]
   671 | D:1      | Gained mutation: Potions are less effective at restoring
                  | your health. [potion of mutation]
   672 | D:1      | 672 ||| DRINKING potion of mutation.
   672 | D:1      | Lost mutation: Potions are less effective at restoring your
                  | health. [potion of mutation]
   672 | D:1      | Lost mutation: Your body sometimes deteriorates upon taking
                  | damage. [potion of mutation]
   672 | D:1      | Gained mutation: You are partially covered in iridescent
                  | scales. (AC +2) [potion of mutation]
   672 | D:1      | Gained mutation: Your mind is acute. (Int +4, Str/Dex -1)
                  | [potion of mutation]
   673 | D:1      | 673 ||| DROPPING scroll of butterflies.
   712 | D:2      | Reached XP level 3. HP: 31/31 MP: 2/2
   832 | D:2      | Reached skill level 1 in Armour
  1189 | D:2      | 1189 ||| UPGRADING to +2 pair of boots.
  1255 | D:3      | Reached skill level 6 in Ranged Weapons
  1255 | D:3      | Reached XP level 4. HP: 37/38 MP: 3/3
  1264 | D:3      | Noticed Robin
  1274 | D:3      | HP: 9/38 [poisoned by a goblin]
  1274 | D:3      | HP: 3/38 [goblin/+0 club[Robin] (3)]
  1275 | D:3      | Succumbed to a goblin's poison

Levels and vault maps discovered:
D:1:      grunt_arrival_crossed_arrows, layout_basic, minmay_heptomino_o4
D:2:      layout_loops_ring
D:3:      layout_loops_ring, grunt_temple_overflow_open, serial_glass,
          glass_columns_c, glass_columns_a, serial_shops,
          nicolae_shop_tiny_waterfront, moated_statue, uniq_jessica, uniq_robin

Skill      XL: |  1  2  3 |
---------------+----------+-----
Ranged Weapons | 5 6 |  6.0
Fighting       | 3 |  3.3
Armour         | 1 |  1.0
Dodging        | |  2.1
Stealth        | |  0.7

Action                     |  1- 3 |  4- 6 || total
---------------------------+-------+-------++-------
   Fire: Shortbow          |   108 |    15 ||   123
    Use: Potion            |     2 |       ||     2
         Scroll            |     1 |       ||     1
 Armour: Leather armour    |     9 |       ||     9
         Ring mail         |     8 |    14 ||    22
  Dodge: Dodged            |    38 |    18 ||    56

Table legend:
 A = Non-vault XP
 B = Vault XP
 C = Vault XP percentage of total XP
 D = Non-vault monster count
 E = Vault monster count
 F = Vault count percentage of total count
                 A         B        C        D         E       F
            +---------+---------+-------+---------+---------+-------
      Total |     122 |      20 |  14.1 |      39 |      11 |  22.0
            +---------+---------+-------+---------+---------+-------
        D:1 |      35 |       4 |  10.3 |      20 |       3 |  13.0
        D:2 |      41 |       0 |   0.0 |      16 |       0 |   0.0
        D:3 |      46 |      16 |  25.8 |       3 |       8 |  72.7
            +---------+---------+-------+---------+---------+-------
